 Dungeon Crawl Stone Soup version 0.30-a0-879-ga8ba668304 (webtiles) character file.

Game seed: 15508823853140348289

48 xSliceyx the Shield-Bearer (level 3, -1/23 HPs)
             Began as a Gargoyle Fighter on Mar 12, 2023.
             Slain by a kobold
             ... wielding a +0 short sword
              (4 damage)
             ... on level 2 of the Dungeon.
             The game lasted 00:03:03 (1032 turns).

xSliceyx the Shield-Bearer (Gargoyle Fighter)       Turns: 1032, Time: 00:03:04

Health: -1/23      AC: 11    Str: 21    XL:     3   Next: 72%
Magic:  3/3        EV:  9    Int:  8    God:
Gold:   29         SH:  4    Dex:  9    Spells: 2/2 levels left

rFire   . . .      SeeInvis .    e - +2 dagger (vamp)
rCold   . . .      Faith    .    c - +0 buckler
rNeg    + . .      Spirit   .    b - +0 scale mail
rPois   ∞          Reflect  .    i - +0 helmet
rElec   +          Rampage  .    (no cloak)
rCorr   .                        (no gloves)
Will    .....                    (no boots) Stlth
                                 (no amulet)
HPRegen 0.23/turn                (no ring)
MPRegen 0.08/turn                (no ring)

@: mighty
A: sickness immunity, AC +3, negative energy resistance 1, electricity
resistance, torment resistance 1, petrification resistance
a: no special abilities


You were on level 2 of the Dungeon.
You visited 1 branch of the dungeon, and saw 2 of its levels.

You collected 29 gold pieces.

Inventory:

Hand Weapons
 a - a +0 war axe
 e - a +2 vampiric dagger (weapon)
Missiles
 h - 2 poisoned darts (quivered)
Armour
 b - a +0 scale mail (worn)
 c - a +0 buckler (worn)
 i - a +0 helmet (worn)
Scrolls
 g - a scroll of vulnerability {unknown}
 j - a scroll of blinking {unknown}
 l - a scroll of enchant armour {unknown}
 m - a scroll of brand weapon {unknown}
Potions
 d - 2 potions of might
 f - a potion of curing {unknown}
 k - a potion of flight {unknown}


   Skills:
 - Level 3.2 Fighting
 - Level 1.7 Axes
 + Level 3.4 Armour
 - Level 5.0 Shields


You had 2 spell levels left.
You didn't know any spells.
Your spell library contained the following spells:

 Spells                   Type           Power      Damage    Failure   Level
 Magic Dart               Conj           0%         1d3       83%         1
 Call Imp                 Summ           0%         N/A       92%         2
 Mephitic Cloud           Conj/Pois/Air  0%         N/A       99%         3


Dungeon Overview and Level Annotations

Branches:
Dungeon (2/15)

Altars:

Annotations:
D:2 Jessica


Innate Abilities, Weirdness & Mutations

You are immune to sickness and miasma.
Your stone body is resilient. (AC +3)
You are immune to poison.
You resist negative energy. (rN+)
You are resistant to electric shocks. (rElec)
You are resistant to unholy torment.
You are immune to petrification.


Message History

The kobold barely misses you.
Unknown command.
Unknown command.
You hit the kobold.
The kobold is heavily wounded.
The kobold barely misses you.
You completely miss the kobold.
The kobold is heavily wounded.
Jessica shouts, "You're disturbing me!
I'll have to kill you!" The kobold barely misses you.
Jessica casts a spell at you.
You barely resist. You closely miss the kobold.
The kobold is heavily wounded.
The kobold closely misses you.
You closely miss Jessica. Jessica hits you with a +5 club.
You block the kobold's attack. Jessica hits you with a +5 club.
You hit Jessica.
You feel better.
Jessica is moderately wounded.
Jessica casts a spell at you. Pain shoots through your body!
The kobold hits you but does no damage.
You barely miss Jessica.
Jessica is moderately wounded.
Jessica gestures at you while chanting. You resist with some effort.
The kobold hits you but does no damage.
Jessica mumbles some strange words.
Jessica blinks!
The kobold attacks as you move away! The kobold hits you but does no damage.
Jessica casts a spell at you. Pain shoots through your body!
You feel very mighty all of a sudden. The kobold barely misses you.
Jessica casts a spell at you. Pain shoots through your body!
* * * LOW HITPOINT WARNING * * *
You closely miss Jessica.
Jessica is moderately wounded.
You block Jessica's attack.
The kobold hits you with a +0 short sword.
You die...

....>..#.##..#####.##
#..#.................
#.......#............
#..#....#...†.......#
...................#
......##.......[...
.............<.....
.....?@K......[...#
.###...@..........#
#....#.#########
#....#... ##...###.#
#...# ... #...# #.#
#...# ## #####


You could see Jessica (fast) and a kobold.

Vanquished Creatures
  An adder (D:2)
  A worm (D:2)
  3 bats
  5 endoplasms
  A giant cockroach (D:1)
  2 goblins (D:1)
  2 hobgoblins
  7 jackals (D:1)
  3 kobolds
  2 ball pythons
  5 rats
32 creatures vanquished.

Notes
Turn   | Place    | Note
-------+----------+-------------------------------------------
     0 | D:1      | xSliceyx the Gargoyle Fighter began the quest for the Orb.
     0 | D:1      | Reached XP level 1. HP: 14/14 MP: 1/1
   137 | D:1      | Reached XP level 2. HP: 19/19 MP: 2/2
   153 | D:1      | Reached skill level 4 in Shields
   495 | D:1      | Reached XP level 3. HP: 23/23 MP: 3/3
   583 | D:1      | Found a faded altar of an unknown god.
   975 | D:2      | Reached skill level 5 in Shields
  1021 | D:2      | Noticed Jessica
  1032 | D:2      | Slain by a kobold

Illustrated notes

Levels and vault maps discovered:
D:1:      eino_arrival_cavern_d, layout_basic,
          hellmonk_ecumenical_altar_inner_sanctum, moated_statue
D:2:      layout_rooms, uniq_jessica

Skill      XL: |  1  2  3 |
---------------+----------+-----
Shields        | 4 5 |  5.0
Fighting       | |  3.2
Axes           | |  1.7
Armour         | |  3.4

Action                     || total
---------------------------++-------
  Melee: War axe           ||    13
         Dagger            ||   156
    Use: Potion            ||     1
 Armour: Scale mail        ||   110
  Dodge: Dodged            ||    85
  Block: Buckler           ||    49

Table legend: (Time is in decaauts)
 A = Elapsed time spent in this place.
 B = Non-inter-level travel time spent in this place.
 C = Inter-level travel time spent in this place.
 D = Time resting spent in this place.
 E = Time spent auto-exploring this place.
 F = Levels seen in this place.
 G = Mean time per level.
                   A        B        C        D        E       F      G
               +--------+--------+--------+--------+--------+-----+--------+
         Total |   1043 |    988 |     55 |      0 |    682 |   2 |  521.5 |
       Dungeon |   1043 |    988 |     55 |      0 |    682 |   2 |  521.5 |
               +--------+--------+--------+--------+--------+-----+--------+

Top non-repeatable levels by time:
     D:1: 852 daAuts
     D:2: 190 daAuts
